 Dungeon Crawl Stone Soup version 0.29.1-15-g9cfb28693d (webtiles) character file.

Game seed: 1226076620323113172

76 KittyFluff the Trooper (level 4, -1/29 HPs)
             Began as a Gargoyle Berserker on Apr 26, 2023.
             Was a Believer of Trog.
             Slain by a centaur (2 damage)
             ... on level 3 of the Dungeon.
             The game lasted 00:06:39 (1665 turns).

KittyFluff the Trooper (Gargoyle Berserker)         Turns: 1665, Time: 00:06:39

Health: -1/29      AC:  6    Str: 20    XL:     4   Next: 32%
Magic:  4/4        EV: 16    Int:  8    God:    Trog [**....]
Gold:   102        SH:  0    Dex: 11    Spells: 3/3 levels left

rFire   . . .      SeeInvis .   a - +0 mace
rCold   . . .      Faith    .   (no shield)
rNeg    + . .      Spirit   .   q - +0 leather armour
rPois   ∞          Reflect  .   (no helmet)
rElec   +          Harm     .   (no cloak)
rCorr   +          Rampage  .   (no gloves)
Will    .....                   (no boots)
Stlth   +.........              (no amulet)
HPRegen 0.09/turn               b - ring of resist corrosion
MPRegen 0.09/turn               u - +4 ring of evasion

@: no status effects
A: sickness immunity, AC +3, negative energy resistance 1, electricity
resistance, torment resistance 1, petrification resistance
a: Renounce Religion, Berserk, Trog's Hand


You were on level 3 of the Dungeon.
You worshipped Trog.
Trog was pleased with you.
You visited 1 branch of the dungeon, and saw 3 of its levels.

You collected 102 gold pieces.

Inventory:

Hand Weapons
 a - a +0 mace (weapon)
 o - a +0 sling
Missiles
 n - 19 stones (quivered)
 s - 3 poisoned darts
Armour
 q - a +0 leather armour (worn)
Jewellery
 b - a ring of resist corrosion (left hand)
 u - a +4 ring of evasion (right hand)
Scrolls
 c - 2 scrolls of teleportation {unknown}
 e - a scroll of vulnerability {unknown}
 f - 2 scrolls of fear {unknown}
 k - a scroll of noise {unknown}
 l - a scroll of enchant armour {unknown}
 m - a scroll of blinking {unknown}
 p - 3 scrolls of identify {unknown}
 r - a scroll of silence {unknown}
 t - a scroll of enchant weapon {unknown}
Potions
 d - 3 potions of heal wounds {unknown}
 g - 4 potions of curing {unknown}
 h - 4 potions of attraction {unknown}
 i - a potion of berserk rage {unknown}
 j - 3 potions of haste {unknown}


   Skills:
 + Level 4.1 Fighting
 + Level 3.6 Maces & Flails
 * Level 2.8 Armour
 + Level 2.1 Dodging
 + Level 0.2 Stealth


You had 3 spell levels left.
You didn't know any spells.
Your spell library was empty.

Dungeon Overview and Level Annotations

Branches:
Dungeon (3/15)

Altars:

Shops:
D:2 (


Innate Abilities, Weirdness & Mutations

You are immune to sickness and miasma.
Your stone body is resilient. (AC +3)
You are immune to poison.
You resist negative energy. (rN+)
You are resistant to electric shocks. (rElec)
You are resistant to unholy torment.
You are immune to petrification.


Message History

A hobgoblin comes into view.
The hobgoblin closely misses you.
There is a stone staircase leading down here.
You thump the hobgoblin!
You kill the hobgoblin!
Trog accepts your kill.
A centaur comes into view.
The centaur shouts!
You hear a shout!
The centaur wields a +0 shortbow.
The centaur shoots an arrow.
The arrow hits you!
The centaur shoots an arrow.
The arrow completely misses you.
A hobgoblin comes into view.
The hobgoblin shouts!
The centaur shoots an arrow.
The arrow barely misses you.
You see here 10 gold pieces.
The centaur shoots an arrow.
The arrow barely misses you.
There are no items here.
The centaur unwields a +0 shortbow.
The centaur closely misses you. The centaur barely misses you.
You see here 10 gold pieces.
You hit the centaur but do no damage. The centaur closely misses you. x2
The centaur hits you. The centaur closely misses you.
The centaur attacks as you move away! The centaur hits you.
The centaur kicks you but does no damage.
The centaur wields a +0 shortbow.
The centaur shoots an arrow.
The arrow closely misses you.
The hobgoblin hits you but does no damage.
You closely miss the hobgoblin. The hobgoblin closely misses you.
You hit the hobgoblin but do no damage.
The hobgoblin hits you but does no damage.
You barely miss the hobgoblin. The hobgoblin barely misses you.
You barely miss the hobgoblin. The hobgoblin misses you.
You sock the hobgoblin!
You kill the hobgoblin!
Trog accepts your kill.
The centaur shoots an arrow.
The arrow hits you!
* * * LOW HITPOINT WARNING * * *
The centaur unwields a +0 shortbow.
The centaur closely misses you. x2
The centaur hits you.
You die...

#...... #.....#
#.....# #.....#
#.....# #.....#
#.....######...
#....c@........
#####.###...##.
#.#...#...#
###...###....
###..>.........
#.............
#.###########.
#.##########
#....#.....#


You could see a centaur.

Vanquished Creatures
  3 adders
  4 dart slugs
  3 orcs (D:3)
  4 endoplasms
  A goblin (D:2)
  5 hobgoblins
  2 jackals (D:1)
  A quokka (D:2)
  4 ball pythons
  A bat (D:2)
  3 frilled lizards
  4 kobolds
  5 rats
40 creatures vanquished.

Notes
Turn   | Place    | Note
-------+----------+-------------------------------------------
     0 | D:1      | KittyFluff the Gargoyle Berserker began the quest for the
                  | Orb.
     0 | D:1      | Reached XP level 1. HP: 14/14 MP: 1/1
   398 | D:1      | Reached XP level 2. HP: 19/19 MP: 2/2
   549 | D:1      | Found a faded altar of an unknown god.
   860 | D:2      | Reached XP level 3. HP: 23/24 MP: 3/3
   902 | D:2      | Found Iranwe's Weapon Emporium.
   949 | D:2      | Reached skill level 4 in Fighting
  1045 | D:2      | Reached ** piety under Trog
  1307 | D:3      | Reached XP level 4. HP: 25/29 MP: 4/4
  1651 | D:3      | Noticed a centaur
  1664 | D:3      | HP: 1/29 [centaur/arrow (9)]
  1665 | D:3      | Slain by a centaur

Illustrated notes

Levels and vault maps discovered:
D:1:      nzn_arrival_settlement, layout_basic,
          shapermc_ecumenical_altar_starsandcircs
D:2:      layout_rooms, serial_shops, nicolae_shop_bloodbath_and_beyond
D:3:      layout_basic, kennysheep_jessica_study

Skill      XL: |  1  2  3 |
---------------+----------+-----
Fighting       | 4 |  4.1
Dodging        | 2 |  2.1
Maces & Flails | |  3.6
Armour         | |  2.8
Stealth        | |  0.2

Action                   |  1- 3 |  4- 6 || total
-------------------------+-------+-------++-------
Melee: Mace              |    86 |    26 ||   112
Armor: Animal skin       |    25 |       ||    25
       Leather armour    |    11 |     6 ||    17
Dodge: Dodged            |    64 |    24 ||    88
